 Dungeon Crawl Stone Soup version 0.27.0-66-gdc8fb28755 (webtiles) character file.

Game seed: 7659235117205460159

53 Spectrina the Covert (level 3, -1/22 HPs)
             Began as a Vampire Delver on Aug 20, 2021.
             Killed from afar by an orc wizard (4 damage)
             ... with a puff of flame
             ... on level 4 of the Dungeon.
             The game lasted 00:00:43 (65 turns).

Spectrina the Covert (Vampire Delver)                 Turns: 65, Time: 00:00:43

Health: -1/22      AC:  3    Str: 11    XL:     3   Next: 64%
Magic:  3/3        EV: 12    Int: 12    God:
Gold:   12         SH:  0    Dex: 16    Spells: 2/2 levels left

rFire    . . .     SeeInvis +   a - +0 short sword
rCold    + + .     Faith    .   (no shield)
rNeg     + + +     Spirit   .   b - +0 leather armour
rPois    ∞         Reflect  .   (no helmet)
rElec    .         Harm     .   (no cloak)
rCorr    .         Rampage  .   (no gloves)
Will     .....                  (no boots)
Stlth    ++++++....             (no amulet)
HPRegen  0.00/turn              (no ring)
MPRegen  0.08/turn              (no ring)

@: bloodless, inhibited regen, hasted, very quick
A: bloodless, fangs 3, see invisible, vampiric 2
a: Bat Form, Revivify


You were on level 4 of the Dungeon.
You visited 1 branch of the dungeon, and saw 2 of its levels.

You collected 12 gold pieces.

Inventory:

Hand Weapons
 a - a +0 short sword (weapon)
Armour
 b - a +0 leather armour (worn)
Wands
 g - a wand of digging (3)
Scrolls
 c - a scroll of fog
 d - a scroll of magic mapping
 e - a scroll of fear


   Skills:
 - Level 2.6 Fighting
 - Level 2.1 Short Blades
 - Level 2.1 Dodging
 + Level 9.2 Stealth


You had 2 spell levels left.
You didn't know any spells.
Your spell library was empty.

Dungeon Overview and Level Annotations

Branches:
Dungeon (5/15)
 Temple: D:4-7

Altars:

Portals:
Sewer: D:4


Innate Abilities, Weirdness & Mutations

You do not regenerate when monsters are visible.
You are frail without blood (-20% HP).
You can heal yourself when you bite living creatures.
You are immune to poison.
You have razor-sharp teeth.
You have supernaturally acute eyesight. (SInv)
You are afflicted with vampirism and can become a bat while bloodless.


Message History

The puff of flame misses the orc wizard.
The puff of flame hits you!
* * * LOW HITPOINT WARNING * * *
You hit the orc wizard.
The orc wizard is heavily wounded.
You hit the orc wizard but do no damage.
The orc wizard is heavily wounded.
The orc wizard hits you with a +0 dagger.
* * * LOW HITPOINT WARNING * * *
You hit the orc wizard but do no damage.
The orc wizard is heavily wounded.
The orc wizard hits you with a +0 dagger.
* * * LOW HITPOINT WARNING * * *
You hit the orc wizard.
The orc wizard is severely wounded.
You hit the orc wizard.
You kill the orc wizard!
Your Stealth skill increases to level 9!
You aren't carrying any potions.
Okay, then.
You hit the orc wizard.
The orc wizard is heavily wounded.
The orc wizard barely misses you.
You hit the orc wizard.
The orc wizard is severely wounded.
You hit the orc wizard.
The orc wizard is severely wounded.
The orc wizard hits you with a +0 dagger.
* * * LOW HITPOINT WARNING * * *
You hit the orc wizard but do no damage.
The orc wizard is severely wounded.
You barely miss the orc wizard.
The orc wizard is severely wounded.
The orc wizard gestures at you while chanting.
You resist with some effort.
You barely miss the orc wizard.
The orc wizard is severely wounded.
The orc wizard casts a spell at you. The puff of flame hits you.
You die...

#........
#........
#........
#........
#........
###S)......
#goSB......
#o##'##....
#@#B≈≈#....
#.#≈≈≈#.!##
#.#≈∩≈#..#
#.#≈≈≈#..#
#.#≈≈≈#.?#
#.#####..#
#........
#####....
#...


You could see an orc wizard (invisible), 2 adders, an orc, 2 giant cockroaches
and a hobgoblin.

Vanquished Creatures
  An orc priest (D:4)
  An orc wizard (D:4)
  A kobold (D:4)
3 creatures vanquished.

Notes
Turn   | Place    | Note
-------+----------+-------------------------------------------
     0 | D:5      | Spectrina the Vampire Delver began the quest for the Orb.
     0 | D:5      | Reached XP level 1. HP: 17/17 MP: 1/1
    27 | D:4      | Found a glowing drain.
    27 | D:4      | Noticed an orc wizard
    27 | D:4      | Noticed an orc wizard
    27 | D:4      | Noticed an orc priest
    36 | D:4      | Killed an orc priest
    37 | D:4      | Reached skill level 8 in Stealth
    37 | D:4      | Reached XP level 2. HP: 13/18 MP: 2/2
    37 | D:4      | Gained mutation: You are afflicted with vampirism and can
                  | become a bat while bloodless. [Vampire growth]
    37 | D:4      | Reached XP level 3. HP: 15/22 MP: 3/3
    60 | D:4      | Reached skill level 9 in Stealth
    65 | D:4      | Killed from afar by an orc wizard

Illustrated notes

Levels and vault maps discovered:
D:4:      layout_rooms, gup_sewer_entry_glass, uniq_robin, uniq_edmund
D:5:      layout_loops_ring, serial_shops,
          nicolae_shop_competitors_out_of_business, water_maze_lemuel

Skill      XL: |  1  2  3 |
---------------+----------+-----
Stealth        | 8 9 |  9.2
Fighting       | |  2.6
Short Blades   | |  2.1
Dodging        | |  2.1

Action                   || total
-------------------------++-------
Melee: Short sword       ||    32
       Bite              ||     1
 Abil: Exsanguinate      ||     1
  Use: Potion            ||     1
Armor: Leather armour    ||     3
Dodge: Dodged            ||     9
